 Dungeon Crawl Stone Soup version 0.31-a0-1237-gabc64e778c (webtiles) character file.

Game seed: 2524581813804335839

2239 Armakuni the Prestidigitator (level 9, -4/68 HPs)
             Began as a Human Artificer on Dec 16, 2023.
             Was an Initiate of Gozag.
             Slain by a steam dragon (5 damage)
             ... on level 7 of the Dungeon.
             The game lasted 00:22:59 (6068 turns).

Armakuni the Prestidigitator (Human Artificer)      Turns: 6068, Time: 00:23:00

Health: -4/68      AC:  9    Str: 12    XL:     9   Next: 63%
Magic:  9/9        EV: 12    Int: 28    God:    Gozag
Gold:   852        SH:  0    Dex: 14    Spells: 8/8 levels left

rFire   . . .        a - +2 mace (heavy)
rCold   + . .        (no shield)
rNeg    . . .        u - +2 leather armour {rC+}
rPois   .            f - +1 helmet
rElec   .            (no cloak)
rCorr   .            o - +1 pair of gloves
SInv    .            (no boots)
Will    .....        (no amulet)
Stlth   +            i - +6 ring of intelligence
HPRegen 0.31/turn    I - +6 ring of intelligence
MPRegen 0.11/turn

%: no passive effects
@: no status effects
A: no striking features
a: Renounce Religion, Potion Petition, Call Merchant, Bribe Branch


You were on level 7 of the Dungeon.
You worshipped Gozag.
Gozag was pleased with you.
You visited 2 branches of the dungeon, and saw 8 of its levels.

You collected 914 gold pieces.
You paid 62 gold pieces to Gozag.

Inventory:

Hand Weapons
 a - a +2 heavy mace (weapon)
 b - a +0 vampiric quarterstaff
 t - a +1 flail
Armour
 f - a +1 helmet (worn)
 o - a +1 pair of gloves (worn)
 u - a +2 leather armour of cold resistance (worn)
Jewellery
 i - a +6 ring of intelligence (left hand)
 k - a +6 ring of strength
 I - a +6 ring of intelligence (right hand)
 K - a ring of resist corrosion
 L - a ring of flight
Wands
 c - a wand of charming (2)
 j - a wand of iceblast (3)
Scrolls
 g - a scroll of teleportation
 m - a scroll of noise
 n - 2 scrolls of blinking
 U - 2 scrolls of enchant armour
Potions
 d - 2 potions of invisibility
 e - a potion of heal wounds
 h - 2 potions of curing
 l - 2 potions of berserk rage
 p - 3 potions of lignification
 q - a potion of cancellation {unknown}
 s - a potion of brilliance {unknown}
 X - 4 potions of mutation


   Skills:
 - Level 5.0 Fighting
 - Level 5.0(5.6) Maces & Flails
 + Level 4.0(5.1) Staves
 - Level 2.5 Armour
 - Level 2.5 Dodging
 - Level 1.0 Stealth
 - Level 8.9 Evocations


You had 8 spell levels left.
You didn't know any spells.
Your spell library contained the following spells:

 Spells                   Type           Power      Damage    Failure   Level
 Kiss of Death            Conj/Necr      0%         2d5       14%         1
 Confusing Touch          Hex            0%         N/A       38%         3
 Gell's Gravitas          Tloc           0%         N/A       38%         3
 Inner Flame              Hex/Fire       0%         N/A       38%         3
 Teleport Other           Tloc           0%         N/A       38%         3
 Dispel Undead            Necr           0%         3d6       80%         4
 Yara's Violent Unravell  Hex/Tmut       0%         3d3       98%         5
 Dispersal                Tloc           0%         N/A       100%        6
 Enfeeble                 Hex            0%         N/A       100%        7
 Ozocubu's Refrigeration  Ice            0%         4d7       100%        7
 Polar Vortex             Ice            0%         N/A       100%        9
 Simulacrum               Ice/Necr       Unusable   N/A       N/A         6

Dungeon Overview and Level Annotations

Branches:
Dungeon (7/15)             Temple (1/1) D:6

Altars:
Ashenzari
Cheibriados
Dithmenos
Elyvilon
Fedhas
Gozag
Hepliaklqana
Kikubaaqudgha
Makhleb
Nemelex Xobeh
Okawaru
Qazlal
Ru
Sif Muna
Trog
Uskayaw
Vehumet
Wu Jian
Xom
Zin
The Shining One


Message History

You are engulfed in a cloud of scalding steam.
The steam dragon bites you. The steam dragon closely misses you.
The steam dragon bites you but does no damage.
The steam dragon barely misses you.
You sock the steam dragon!
The steam dragon is heavily wounded.
You are engulfed in a cloud of scalding steam.
The steam dragon bites you! The steam dragon closely misses you.
You sock the steam dragon!
The steam dragon is almost dead.
The steam dragon bites you but does no damage.
The steam dragon claws you. The steam dragon misses you.
The steam dragon claws you but does no damage.
You hit the steam dragon but do no damage.
The steam dragon is almost dead.
The steam dragon bites you.
The steam dragon claws you but does no damage.
The steam dragon completely misses you. The steam dragon misses you.
You closely miss the steam dragon.
The steam dragon is severely wounded.
The steam dragon bites you but does no damage.
The steam dragon claws you but does no damage.
You hit the steam dragon but do no damage.
The steam dragon is severely wounded.
The steam dragon closely misses you.
The steam dragon claws you but does no damage.
The steam dragon breathes steam at you. The ball of steam hits you!
* * * LOW HITPOINT WARNING * * *
You hit the steam dragon but do no damage.
The steam dragon is severely wounded.
You are engulfed in a cloud of scalding steam.
The steam dragon bites you.
* * * LOW HITPOINT WARNING * * *
The steam dragon claws you but does no damage.
The steam dragon bites you.
* * * LOW HITPOINT WARNING * * *
The steam dragon claws you.
You die...
Your body crumbles into a pile of gold.

#.........'.####........#
#.........######........#
#.......................#####
#.........######.............
########### #.......###### #
#.......# ## ##### #.......#
.########......#####......^###
...............D@ยงยง.........>#
..##### ......######.######.####
#..########### #.##.........
##...........# #.##.###.####
#............# #.# ##..###
#............# #.# #.....#
#....#.###### #.## #..##.#
#....#.## #.##.#..##.#
#....#..## #.##.#..##.#


You could see a steam dragon (catching breath).

Vanquished Creatures
  A water moccasin (D:6)
  Duvessa (D:6)
  A black bear (D:6)
  A sky beast (D:7)
  3 kobold brigands
  A bullfrog (D:7)
  A scorpion (D:6)
  8 wights
  Dowan (D:6)
  6 hounds
  3 jellies
  4 orc priests
  4 iguanas
  9 orc wizards
  A sleepcap (D:5)
  5 adders
  A shadow imp (D:7)
  2 white imps
  2 ufetubi (D:6)
  3 worms
  4 dart slugs
  34 orcs
  5 endoplasms
  2 giant cockroaches
  3 goblins
  3 hobgoblins
  20 kobolds
  A quokka (D:1)
  5 ball pythons
  7 bats
  4 frilled lizards
  4 rats
150 creatures vanquished.

Vanquished Creatures (collateral kills)
  A black bear (D:2)
  An adder (D:3)
  2 orcs (D:4)
  A bat (D:2)
  A frilled lizard (D:1)
  A rat (D:1)
7 creatures vanquished.

Vanquished Creatures (others)
  An orc (D:5)
1 creature vanquished.

Grand Total: 158 creatures vanquished

Notes
Turn   | Place    | Note
-------+----------+-------------------------------------------
     0 | D:1      | Armakuni the Human Artificer began the quest for the Orb.
     0 | D:1      | Reached XP level 1. HP: 15/15 MP: 1/1
    80 | D:1      | Reached skill level 1 in Maces & Flails
   103 | D:1      | Reached XP level 2. HP: 18/21 MP: 2/2
   218 | D:1      | Found a faded altar of an unknown god.
   330 | D:1      | Reached XP level 3. HP: 22/27 MP: 3/3
   489 | D:2      | Noticed a black bear
   717 | D:2      | Killed a black bear
   718 | D:2      | Reached skill level 5 in Evocations
   718 | D:2      | Reached XP level 4. HP: 23/33 MP: 4/4
   718 | D:2      | Reached XP level 5. HP: 26/38 MP: 5/5
  1278 | D:3      | Reached XP level 6. HP: 28/47 MP: 6/6
  2755 | D:4      | Found an opulent altar of Gozag.
  2770 | D:4      | Became a worshipper of Gozag Ym Sagoz the Greedy
  2797 | D:4      | Reached skill level 6 in Evocations
  2797 | D:4      | Reached XP level 7. HP: 49/53 MP: 7/7
  3559 | D:5      | Entered Level 5 of the Dungeon
  4128 | D:5      | Reached XP level 8. HP: 61/61 MP: 8/8
  4134 | D:5      | Reached skill level 5 in Maces & Flails
  4340 | D:5      | Identified the +1 flail of Exkokh {heavy, Fly rCorr Int+2}
  4429 | D:6      | Reached skill level 5 in Fighting
  4835 | D:6      | Found a staircase to the Ecumenical Temple.
  4851 | D:6      | Reached skill level 7 in Evocations
  4863 | Temple   | Entered the Ecumenical Temple
  4956 | D:6      | Noticed Dowan
  4957 | D:6      | Noticed Duvessa
  4964 | D:6      | Killed Dowan
  4965 | D:6      | Reached XP level 9. HP: 68/68 MP: 9/9
  4970 | D:6      | Killed Duvessa
  4971 | D:6      | Reached skill level 8 in Evocations
  5493 | D:7      | Reached skill level 1 in Staves
  6068 | D:7      | HP: 1/68 [steam dragon (3)]
  6068 | D:7      | Slain by a steam dragon

Illustrated notes

Levels and vault maps discovered:
D:1:      reono_arrival_forest_river, layout_rooms, basic_ecumenical_altar
D:2:      layout_rooms
D:3:      layout_loops_ring
D:4:      layout_layer_cave, grunt_gozag_breadcrumbs, minmay_misc_feat_hallway
D:5:      layout_basic
D:6:      layout_basic, minmay_temple_entry_offerings, uniq_duvessa
D:7:      layout_basic, yredelemnul_altar_generic, nicolae_shop_vocational,
          uniq_maurice
Temple:   nicolae_temple_slightly_damp_pantheon

Skill      XL: |  1  2  3  4  5  6  7  8  9 |
---------------+----------------------------+-----
Maces & Flails | 1 3 5 |  5.0
Fighting       | 2 3 4 5 |  5.0
Evocations     | 5 6 7 8 |  8.9
Dodging        | 2 |  2.5
Staves         | 4 |  4.0
Armour         | |  2.5
Stealth        | |  1.0

Action                     |  1- 3 |  4- 6 |  7- 9 || total
---------------------------+-------+-------+-------++-------
  Melee: Club              |    33 |       |       ||    33
         Whip              |    58 |    83 |    23 ||   164
         Short sword       |       |    71 |       ||    71
         Punch             |       |     2 |     3 ||     5
         Mace              |       |       |   231 ||   231
         Quarterstaff      |       |       |     8 ||     8
  Evoke: Wand              |    11 |    15 |    18 ||    44
    Use: Scroll            |     4 |     4 |     4 ||    12
         Potion            |       |     1 |       ||     1
   Stab: Sleeping          |       |     3 |     2 ||     5
         Distracted        |       |     1 |     1 ||     2
 Armour: Leather armour    |    70 |   107 |   320 ||   497
  Dodge: Dodged            |    92 |    71 |   241 ||   404

Table legend: (Time is in decaauts)
 A = Elapsed time spent in this place.
 B = Non-inter-level travel time spent in this place.
 C = Inter-level travel time spent in this place.
 D = Time resting spent in this place.
 E = Time spent auto-exploring this place.
 F = Levels seen in this place.
 G = Mean time per level.
                   A        B        C        D        E       F      G
               +--------+--------+--------+--------+--------+-----+--------+
         Total |   6275 |   6149 |    126 |   1278 |   3044 |   8 |  784.4 |
       Dungeon |   6273 |   6147 |    126 |   1278 |   3044 |   7 |  896.1 |
        Temple |      1 |      1 |      0 |      0 |      0 |   1 |    1.0 |
               +--------+--------+--------+--------+--------+-----+--------+

Top non-repeatable levels by time:
     D:4: 1378 daAuts
     D:6: 1105 daAuts
     D:3: 1021 daAuts
     D:5: 893 daAuts
     D:2: 685 daAuts
     D:7: 674 daAuts
     D:1: 514 daAuts
  Temple: 1 daAuts
